 Dungeon Crawl Stone Soup version 0.28-b1-78-gc65acfa365 (webtiles) character file.

Game seed: 17603274624619101370

17061 mate the Grappler (level 12, -9/124 HPs)
             Began as a Troll Monk on Feb 4, 2022.
             Was a Follower of Uskayaw.
             Hit by a large rock thrown by a cyclops (37 damage)
             ... on level 2 of the Orcish Mines.
             The game lasted 01:47:44 (10969 turns).

mate the Grappler (Troll Monk)                     Turns: 10969, Time: 01:47:45

Health: -9/124     AC: 13    Str: 24    XL:     12   Next: 15%
Magic:  5/17       EV: 13    Int:  6    God:    Uskayaw [*.....]
Gold:   829        SH:  0    Dex: 14    Spells: 11/11 levels left

rFire   . . .      SeeInvis .     - Unarmed
rCold   . . .      Faith    +   (no shield)
rNeg    . . .      Spirit   .   B - +3 troll leather armour
rPois   +          Reflect  .   (helmet restricted)
rElec   .          Harm     .   (no cloak)
rCorr   .          Rampage  .   (gloves unavailable)
Will    .....                   (boots unavailable)
Stlth   +.........              h - amulet of faith
HPRegen 1.90/turn               D - +4 ring of protection
MPRegen 0.15/turn               y - ring of poison resistance

@: no status effects
A: large, unfitting armour, claws 3, regeneration 1, shaggy fur 1, tough skin 1
a: Renounce Religion, Stomp


You were on level 2 of the Orcish Mines.
You worshipped Uskayaw.
Uskayaw was aware of your devotion.
You visited 3 branches of the dungeon, and saw 14 of its levels.
You also visited: Gauntlet.

You collected 1146 gold pieces.
You spent 317 gold pieces at shops.

Inventory:

Hand Weapons
 i - a +1 falchion of flaming
 l - a +1 rapier of speed
 C - a +1 demon whip of draining
Missiles
 b - 292 stones
 k - 17 poisoned darts
 n - 6 throwing nets (quivered)
 t - 3 datura-tipped darts
 A - 6 atropa-tipped darts
 G - 3 boomerangs
Armour
 a - a +0 robe
 B - a +3 troll leather armour (worn)
 V - the +1 steam dragon scales of the Eternal Fruit {rF+ Dex+2}
   (You found it in a Gauntlet)

   Dex:       It affects your dexterity (+2).
   rF:        It protects you from fire.
Jewellery
 e - a ring of fire
 h - an amulet of faith (around neck)
 j - a ring of wizardry
 y - a ring of poison resistance (right claw)
 D - a +4 ring of protection (left claw)
 E - a +4 ring of protection
 I - the ring of the Invisible Hand {rN+ Will+ Int+3}
   (You found it in a Gauntlet)

   [ring of positive energy]

   Int:       It affects your intelligence (+3).
   rN:        It protects you from negative energy.
   Will:      It increases your willpower.
 Q - a ring of flight
 S - the ring "Apnaweh" {Fly Int+4}
   (You found it in a Gauntlet)

   [ring of flight]

   Int:       It affects your intelligence (+4).
   Fly:       It grants you flight.
 T - the ring "Zeoss" {Fly rC+ Int+3}
   (You took it off a minotaur in a Gauntlet)

   [ring of protection from cold]

   Int:       It affects your intelligence (+3).
   rC:        It protects you from cold.
   Fly:       It grants you flight.
 U - a ring of wizardry
 Z - an amulet of the acrobat
Wands
 q - a wand of flame (23)
 x - a wand of iceblast (12)
 F - a wand of charming (14)
 J - a wand of digging (7)
Scrolls
 d - a scroll of acquirement {unknown}
 g - 3 scrolls of fog
 m - a scroll of immolation {unknown}
 o - 2 scrolls of noise {unknown}
 p - a scroll of fear
 r - a scroll of vulnerability
 s - 3 scrolls of blinking
 H - a scroll of teleportation
 K - a scroll of silence
 L - 3 scrolls of enchant weapon {unknown}
 M - a scroll of summoning {unknown}
 O - 4 scrolls of amnesia {unknown}
 P - a scroll of brand weapon {unknown}
 X - a scroll of magic mapping
Potions
 c - a potion of berserk rage
 f - 3 potions of cancellation
 u - 2 potions of mutation
 v - a potion of haste
 w - 2 potions of brilliance
 z - 3 potions of invisibility
 N - 2 potions of flight {unknown}
 R - a potion of degeneration {unknown}
 Y - a potion of might {unknown}
Miscellaneous
 W - a box of beasts


   Skills:
 + Level 9.4 Fighting
 + Level 2.5 Throwing
 + Level 2.3 Armour
 - Level 9.0 Dodging
 - Level 1.0 Stealth
 - Level 10.0 Unarmed Combat
 + Level 8.3 Invocations


You had 11 spell levels left.
You didn't know any spells.
Your spell library contained the following spells:

 Spells                   Type           Power      Damage    Failure   Level
 Corpse Rot               Necr/Air       0%         N/A       65%         2
 Poisonous Vapours        Pois/Air       0%         N/A       65%         2
 Dazzling Flash           Conj/Hex       0%         N/A       86%         3
 Portal Projectile        Hex/Tloc       0%         N/A       86%         3
 Iskenderun's Mystic Bla  Conj/Tloc      0%         2d3       99%         4
 Blade Hands              Tmut           0%         N/A       100%        5
 Excruciating Wounds      Necr           0%         N/A       100%        5
 Freezing Cloud           Conj/Ice/Air   0%         6-21      100%        5
 Simulacrum               Ice/Necr       0%         N/A       100%        6
 Starburst                Conj/Fire      0%         6d3       100%        6
 Polar Vortex             Ice            0%         N/A       100%        9


Dungeon Overview and Level Annotations

Branches:
Dungeon (11/15)            Temple (1/1) D:5            Lair (0/6) D:11
    Orc (2/2) D:10            Elf (0/3) Orc:2       Gauntlet (visited)

Altars:
Ashenzari
Cheibriados
Dithmenos
Elyvilon
Fedhas
Gozag
Hepliaklqana
Kikubaaqudgha
Makhleb
Nemelex Xobeh
Okawaru
Qazlal
Ru
Sif Muna
Trog
Uskayaw
Vehumet
Wu Jian
Xom
Yredelemnul
Zin
The Shining One
Beogh

Shops:
D:4 ?   Orc:2 ?=


Innate Abilities, Weirdness & Mutations

You are too large for most types of armour.
You have claws for hands.
Your natural rate of healing is unusually fast.
You are covered in fur. (AC +1)
You have tough skin. (AC +1)


Message History

As you read the scroll of blinking, it crumbles to dust.
Your surroundings suddenly seem different.
As you read the scroll of teleportation, it crumbles to dust.
You feel strangely unstable.
Your surroundings suddenly seem different.
A cyclops, a deep troll, 3 ogres and 2 trolls come into view.
The ogre shouts!
The two-headed ogre shouts in stereo!
The ogre shouts! x2
The two-headed ogre shouts in stereo!
The ogre mage shouts!
The ogre hits you with a +0 giant club.
* * * LOW HITPOINT WARNING * * *
The cyclops barely misses you. The ogre closely misses you.
As you read the scroll of fear, it crumbles to dust.
You assume a fearsome visage.
The ogre looks frightened! x4
The ogre mage looks frightened!
The ogre looks frightened!
The deep troll looks frightened!
The ogre looks frightened!
The ogre resists with some effort.
The ogre looks frightened!
The troll looks frightened!
The two-headed ogre looks frightened!
The cyclops easily resists.
The troll looks frightened!
The deep troll looks frightened!
The ogre looks frightened!
The two-headed ogre looks frightened!
The troll looks frightened!
The two-headed ogre looks frightened! x2; The ogre mage looks frightened!
The two-headed ogre looks frightened! x2; The ogre looks frightened!
The two-headed ogre looks frightened!
The troll looks frightened!
The ogre looks frightened!
The troll looks frightened! x2
The orc looks frightened!
The warg looks frightened!
The orc warrior looks frightened!
The orc looks frightened! x2
The orc wizard looks frightened!
The ogre mage gives up.
The ogre mage gestures wildly while chanting.
The ogre mage flickers and vanishes!
The ogre howls in fear.
The ogre yells at you, "GO AWAY!" The cyclops closely misses you.
The orc wizard casts a spell.
The orc wizard flickers and vanishes!
The ogre cowers, then darts away.
The ogre mage mumbles some strange words.
The ogre mage flickers and vanishes!
The cyclops throws a large rock.
The large rock hits you!!!
You die...

......... .. ##.
#........#. ... #..
##.TT....#. ...# ...
#.#.O.O..O# ...# ...
..T..O..∩.#...>## #.
..o∩......#o....#
......C........## ..
...OT......#.....# .. ..
#....{.....@...$..# ..
#.#............O....## #.
.....OOO.O...O.....#
###.##
......##.##OO..oOh#####
#.....
##...T.####)[)..O..#.#.##
#....
#.......####)...oTTO....#
##.. #........#
###..O#...#.## ###.†
#........##
#....O.#.#.###....
##........#
##...#.......###...


You could see 7 two-headed ogres, a deep troll (fleeing), a cyclops, 5 trolls, a
warg (fleeing), an orc warrior (fleeing), 10 ogres and 3 orcs.

Vanquished Creatures
  A balrug (Gauntlet)
  A minotaur (Gauntlet)
  Harold (D:7)
  A boulder beetle (D:11)
  3 two-headed ogres
  An ugly thing (D:11)
  2 orc sorcerers
  A cyclops (Orc:2)
  A manticore (D:11)
  A rust devil (Gauntlet)
  An unseen horror (D:8)
  An efreet (D:11)
  3 trolls
  5 hornets (Gauntlet)
  2 shadows
  A vampire (D:11)
  A steam dragon (D:8)
  3 vampire mosquitoes (D:11)
  A warg (Orc:2)
  The ghost of Akaron the Conjurer, an amateur OpCj (D:3)
  2 water moccasins (D:11)
  2 hell hounds (Gauntlet)
  15 orc warriors
  3 ice beasts
  6 black bears
  A necrophage (D:6)
  A sky beast (D:6)
  10 ogres
  3 bullfrogs (D:11)
  2 gnoll sergeants
  A scorpion (D:5)
  A wyvern zombie (D:6)
  A water moccasin skeleton (D:6)
  The ghost of ikuliku the Chucker, a weakling TrHu (D:4)
  10 killer bees
  A vampire bat (Orc:2)
  6 wights
  4 howler monkeys (D:9)
  A bullfrog zombie (D:6)
  6 centaur zombies
  A centaur skeleton (D:4)
  8 orc priests
  3 iguanas
  2 jellies
  2 bullfrog skeletons
  A scorpion zombie (D:4)
  12 orc wizards
  A hound zombie (D:4)
  2 adders
  12 gnolls
  A howler monkey skeleton (D:5)
  3 shadow imps
  2 white imps
  3 ufetubi
  2 worms (D:2)
  4 dart slugs
  54 orcs
  9 bats
  6 endoplasms
  4 giant cockroaches
  5 goblins
  4 hobgoblins
  2 jackals (D:5)
  6 quokkas
  8 ball pythons
  3 frilled lizards
  5 kobolds
  4 rats
278 creatures vanquished.

Vanquished Creatures (others)
  45 fungi
  57 plants
102 creatures vanquished.

Grand Total: 380 creatures vanquished

Notes
Turn   | Place    | Note
-------+----------+-------------------------------------------
     0 | D:1      | mate the Troll Monk began the quest for the Orb.
     0 | D:1      | Reached XP level 1. HP: 22/22 MP: 0/0
   120 | D:1      | Reached XP level 2. HP: 29/29 MP: 1/1
   449 | D:1      | Reached XP level 3. HP: 36/36 MP: 2/2
   913 | D:2      | Found a faded altar of an unknown god.
  1384 | D:3      | Reached XP level 4. HP: 45/45 MP: 3/3
  1478 | D:3      | Found a transporter.
  1487 | D:3      | Noticed Akaron's ghost (amateur OpCj)
  1490 | D:3      | Found a transporter.
  1562 | D:3      | Killed Akaron's ghost
  1563 | D:3      | Reached skill level 4 in Unarmed Combat
  1563 | D:3      | Reached XP level 5. HP: 38/53 MP: 4/4
  2008 | D:4      | Found Naypp's Magic Scroll Boutique.
  2042 | D:4      | Reached XP level 6. HP: 53/62 MP: 5/5
  2097 | D:4      | Bought a scroll of fear for 38 gold pieces
  2275 | D:4      | Found a runed translucent gate.
  2275 | D:4      | Found a runed translucent gate.
  2275 | D:4      | Found a runed translucent gate.
  2275 | D:4      | Noticed ikuliku's ghost (weakling TrHu)
  2277 | D:4      | Found a basalt altar of Yredelemnul.
  2285 | D:4      | Reached skill level 5 in Unarmed Combat
  2311 | D:4      | Killed ikuliku's ghost
  2312 | D:4      | Reached XP level 7. HP: 61/70 MP: 4/6
  2672 | D:5      | Entered Level 5 of the Dungeon
  2766 | D:5      | Found a staircase to the Ecumenical Temple.
  2794 | Temple   | Entered the Ecumenical Temple
  3186 | Temple   | Became a worshipper of Uskayaw the Reveller
  3186 | Temple   | Reached * piety under Uskayaw
  3279 | D:5      | Reached ** piety under Uskayaw
  3399 | D:5      | Found a bloodstained altar of Trog.
  3406 | D:5      | Found a blossoming altar of Fedhas.
  3406 | D:5      | Found a stormy altar of Qazlal.
  3960 | D:5      | Reached skill level 1 in Invocations
  4566 | D:6      | Reached *** piety under Uskayaw
  4571 | D:6      | Reached **** piety under Uskayaw
  4574 | D:6      | Reached XP level 8. HP: 41/79 MP: 3/8
  4653 | D:6      | Reached skill level 5 in Dodging
  4657 | D:6      | Reached skill level 5 in Fighting
  4657 | D:6      | Reached skill level 6 in Unarmed Combat
  5801 | D:7      | Noticed Harold
  5816 | D:7      | Killed Harold
  5817 | D:7      | Reached skill level 7 in Unarmed Combat
  5817 | D:7      | Reached XP level 9. HP: 66/89 MP: 2/11
  5954 | D:7      | Found a shimmering altar of Xom.
  5957 | D:7      | Found an iron altar of Okawaru.
  5963 | D:7      | Found a broken altar of Ashenzari.
  6154 | D:4      | Bought a scroll of identify for 22 gold pieces
  6154 | D:4      | Bought a scroll of teleportation for 33 gold pieces
  6154 | D:4      | Bought a scroll of magic mapping for 38 gold pieces
  6154 | D:4      | Bought a scroll of blinking for 82 gold pieces
  6154 | D:4      | Bought a scroll of blinking for 82 gold pieces
  6154 | D:4      | Bought a scroll of identify for 22 gold pieces
  6413 | D:8      | Killed an unseen horror
  7033 | D:8      | Reached skill level 5 in Invocations
  7128 | D:8      | Reached ***** piety under Uskayaw
  7143 | D:8      | Reached skill level 8 in Unarmed Combat
  7380 | D:9      | Noticed a troll
  7389 | D:9      | Killed a troll
  7549 | D:9      | Reached XP level 10. HP: 100/100 MP: 12/12
  8047 | D:9      | Found an ornate altar of the Wu Jian Council.
  8187 | D:10     | Entered Level 10 of the Dungeon
  8193 | D:10     | Found a snail-covered altar of Cheibriados.
  8279 | D:10     | Found a shimmering blue altar of Sif Muna.
  8784 | D:10     | Found a hazy altar of Hepliaklqana.
  8866 | D:10     | Found a staircase to the Orcish Mines.
  8969 | D:11     | Noticed a manticore
  8972 | D:11     | Noticed a two-headed ogre
  8978 | D:11     | Killed a manticore
  8978 | D:11     | Reached ****** piety under Uskayaw
  8980 | D:11     | Killed a two-headed ogre
  8981 | D:11     | Reached skill level 9 in Unarmed Combat
  9010 | D:11     | Found a gate leading to a gauntlet.
  9063 | Gauntlet | Entered a Gauntlet
  9063 | Gauntlet | Found a transporter.
  9064 | Gauntlet | Noticed a rust devil
  9072 | Gauntlet | Found a transporter.
  9075 | Gauntlet | Found a transporter.
  9077 | Gauntlet | Found a transporter.
  9080 | Gauntlet | Found a runed translucent door.
  9080 | Gauntlet | Found a runed translucent door.
  9080 | Gauntlet | Found the amulet of the Air {Inacc Air Fly rElec RMsl}
  9084 | Gauntlet | Found a transporter.
  9087 | Gauntlet | Found a transporter.
  9088 | Gauntlet | Found a transporter.
  9097 | Gauntlet | Found a transporter.
  9100 | Gauntlet | Found a transporter.
  9101 | Gauntlet | Found a transporter.
  9103 | Gauntlet | Noticed a balrug
  9105 | Gauntlet | Found a runed translucent door.
  9108 | Gauntlet | Found a runed translucent door.
  9109 | Gauntlet | Found a transporter.
  9112 | Gauntlet | Found a transporter.
  9113 | Gauntlet | Found a transporter.
  9115 | Gauntlet | Noticed a death yak
  9115 | Gauntlet | Noticed a death yak
  9116 | Gauntlet | Noticed a death yak
  9117 | Gauntlet | Noticed a necromancer
  9124 | Gauntlet | Found a transporter.
  9314 | Gauntlet | Killed a rust devil
  9389 | Gauntlet | Identified the ring "Apnaweh" {Fly Int+4}
  9406 | Gauntlet | Reached XP level 11. HP: 84/111 MP: 14/14
  9438 | Gauntlet | Killed a balrug
  9497 | Gauntlet | Identified the ring of the Invisible Hand {rN+ Will+ Int+3}
  9546 | Gauntlet | Identified the ring "Zeoss" {Fly rC+ Int+3}
  9546 | Gauntlet | Noticed a minotaur
  9672 | Gauntlet | Killed a minotaur
  9784 | Gauntlet | Identified the +1 steam dragon scales of the Eternal Fruit
                  | {rF+ Dex+2}
  9811 | D:11     | Noticed a purple ugly thing
  9832 | D:11     | Killed a purple ugly thing
  9922 | D:11     | Noticed a boulder beetle
  9949 | D:11     | Reached skill level 10 in Unarmed Combat
  9965 | D:11     | Killed a boulder beetle
 10032 | D:11     | Found a staircase to the Lair.
 10128 | D:11     | Noticed a two-headed ogre
 10135 | D:11     | Killed a two-headed ogre
 10483 | Orc:1    | Entered Level 1 of the Orcish Mines
 10498 | Orc:1    | Noticed an orc sorcerer
 10506 | Orc:1    | Killed an orc sorcerer
 10594 | Orc:2    | Entered Level 2 of the Orcish Mines
 10640 | Orc:1    | Reached skill level 1 in Throwing
 10645 | Orc:1    | Reached skill level 1 in Armour
 10824 | Orc:2    | Noticed an orc sorcerer
 10843 | Orc:2    | Killed an orc sorcerer
 10844 | Orc:2    | Reached XP level 12. HP: 116/123 MP: 17/17
 10924 | Orc:2    | Noticed a two-headed ogre
 10925 | Orc:2    | Found Onepnu's Magic Scroll Shoppe.
 10925 | Orc:2    | Noticed a two-headed ogre
 10943 | Orc:2    | Noticed a two-headed ogre
 10945 | Orc:2    | Noticed a two-headed ogre
 10957 | Orc:2    | Killed a two-headed ogre
 10957 | Orc:2    | Found Voast's Jewellery Shoppe.
 10957 | Orc:2    | Found a staircase to the Elven Halls.
 10957 | Orc:2    | Noticed a two-headed ogre
 10957 | Orc:2    | Noticed a two-headed ogre
 10958 | Orc:2    | Noticed a two-headed ogre
 10960 | Orc:2    | Noticed a two-headed ogre
 10966 | Orc:2    | Noticed an ogre mage
 10966 | Orc:2    | Noticed an ogre mage
 10969 | Orc:2    | Hit by a large rock thrown by a cyclops

Illustrated notes

Levels and vault maps discovered:
D:1:      minmay_arrival_shattered_statue, layout_basic
D:2:      layout_loops_ring, shapermc_ecumenical_altar_mp_ritualfount
D:3:      layout_loops_ring, gammafunk_ghost_arena,
          chequers_serial_rivers_large_b, fountainhead,
          kennysheep_generic_room_13
D:4:      layout_cave_pools, nicolae_yredelemnul_ghost_church, serial_shops,
          shop, chequers_serial_rivers_micro_e
D:5:      layout_layer_cave, grunt_temple_overflow_forces_of_nature,
          mainiacjoe_overflow_catwalk, minmay_temple_entry_wispy
D:6:      layout_loops_ring
D:7:      layout_loops_ring, grunt_temple_overflow_diamond,
          minmay_misc_feat_chi, uniq_harold
D:8:      layout_basic, special_room [special_room_orc]
D:9:      layout_basic, pdpol_wu_jian_five_deadly_venoms
D:10:     layout_roguey, nicolae_sif_muna_little_library, amcnicky_altar_gilded,
          mainiacjoe_overflow_concentric_impassable, orc_0_dummy
D:11:     layout_roguey, due_lair_maze_entry_diamond, gauntlet_entry_generic,
          serial_glass, glass_columns_a, glass_columns_c
Temple:   minmay_temple_curvy_loop
Orc:1:    layout_diamond_mine
Orc:2:    st_orc_open, layout_diamond_mine, roderic_batcave

Skill      XL: |  1  2  3  4  5  6  7  8  9 10 11 12 |
---------------+-------------------------------------+-----
Dodging        | 3 4 5 6 8 9 |  9.0
Fighting       | 3 4 5 6 7 9 |  9.4
Unarmed Combat | 4 5 7 8 9 10 | 10.0
Invocations    | 2 4 5 6 8 |  8.3
Throwing       | 1 2 |  2.5
Armour         | 1 2 |  2.3
Stealth        | |  1.0

Action                   |  1- 3 |  4- 6 |  7- 9 | 10-12 || total
-------------------------+-------+-------+-------+-------++-------
Melee: Unarmed           |    77 |    84 |   289 |   435 ||   885
       Punch             |     1 |     6 |    10 |    34 ||    51
Throw: Stone             |       |     4 |       |       ||     4
       Dart              |       |       |     1 |       ||     1
       Throwing net      |       |       |       |     2 ||     2
Invok: Stomp             |       |       |     5 |     4 ||     9
       Line Pass         |       |       |     3 |     3 ||     6
       Grand Finale      |       |       |       |     4 ||     4
Evoke: Wand              |       |       |     9 |     3 ||    12
  Use: Scroll            |       |       |    13 |     9 ||    22
       Potion            |       |       |     4 |     4 ||     8
 Stab: Sleeping          |     4 |     1 |     5 |       ||    10
       Paralysed         |       |       |     8 |    35 ||    43
       Fleeing           |       |       |     1 |       ||     1
       Confused          |       |       |       |     3 ||     3
       Held in net/web   |       |       |       |     2 ||     2
Armor: Robe              |    15 |    33 |   106 |       ||   154
       Troll leather arm |       |       |     4 |   207 ||   211
       Skin              |       |       |       |     3 ||     3
Dodge: Dodged            |    32 |    53 |   161 |   359 ||   605
